Get step-by-step instructions on how to execute this build order below. Start the game timer, and the build order will tick by so you can play in parallel with StarCraft on a second screen or mobile device.

Game Time

  0:00

Last Step

  N/A

Next Step

Upcoming Step



Don't want to look back and forth between 2 screens? Try out our Overwolf App, the Spawning Tool Build Advisor to get an in-game overlay with this build!

Complete Build Order

  12  0:00  Drone  
  13  0:08  Drone  
  14  0:16  Overlord  
  14  0:22  Extractor, Drone  
  15  0:34  Drone  
  15  0:35  Drone  
  17  0:41  Extractor  
  16  0:44  Drone  
  16  0:49  Spawning Pool  
  16  0:54  Drone  
  17  1:05  Drone  
  18  1:15  Hatchery  
  17  1:19  Drone  
  18  1:35  Queen  
  18  1:36  Zergling x2  
  21  1:43  Metabolic Boost  
  21  1:48  Overlord  
  21  1:52  Drone  
  22  2:06  Drone  
  23  2:11  Queen  
  23  2:14  Zergling x2  
  26  2:20  Drone  
  27  2:26  Queen  
  27  2:27  Drone  
  30  2:30  Zergling x2  
  31  2:39  Zergling x2  
  31  2:41  Zergling x2  
  31  2:43  Overlord  
  33  2:46  Drone  
  33  2:47  Zergling x2  
  33  2:49  Drone  
  36  3:02  Drone  
  36  3:03  Drone x2  
  39  3:11  Hatchery, Drone  
  39  3:16  Drone  
  39  3:18  Drone x2  
  40  3:24  Overlord  
  40  3:30  Drone  
  40  3:31  Roach Warren  
  40  3:33  Drone  
  41  3:34  Drone  
  41  3:38  Drone  
  43  3:42  Drone  
  44  3:48  Drone x2  
  44  3:49  Drone  
  44  3:50  Drone  
  44  3:55  Overlord  
  48  3:58  Drone x3  
  48  4:02  Lair  
  51  4:08  Extractor  
  51  4:09  Drone x2  
  52  4:14  Drone, Evolution Chamber  
  52  4:15  Overlord  
  52  4:18  Roach x2  
  52  4:20  Roach  
  58  4:25  Roach x2  
  58  4:29  Drone x2  
  58  4:30  Drone  
  65  4:32  Drone  
  65  4:34  Drone  
  65  4:38  Overlord  
  67  4:40  Drone  
  67  4:45  Drone x4  
  71  4:47  Extractor  
  71  4:48  Drone  
  71  4:49  Extractor  
  70  4:53  Zerg Ground Armor Level 1  
  70  4:54  Drone  
  70  4:56  Drone x2  
  73  5:00  Drone x3  
  73  5:03  Overlord  
  76  5:09  Glial Reconstitution  
  76  5:10  Overlord  
  76  5:12  Zergling x6  
  79  5:16  Drone  
  80  5:23  Roach x4  
  80  5:24  Overlord  
  88  5:29  Roach x3  
  88  5:30  Overlord  
  88  5:33  Roach  
  88  5:34  Zergling x2  
  97  5:35  Overlord  
  97  5:39  Overlord  
  97  5:44  Roach x3  
  97  5:45  Roach  
  105  5:51  Overseer  
  105  5:52  Roach  
  105  5:53  Roach x2  
  105  5:54  Overlord  
  111  5:57  Roach x2  
  111  6:01  Roach  
  117  6:07  Drone  
  117  6:09  Drone x2  
  117  6:10  Drone x3, Evolution Chamber  
  122  6:19  Drone  
  122  6:20  Drone x2  
  122  6:24  Overlord  
  124  6:26  Drone x4  
  124  6:27  Drone  
  124  6:29  Extractor x2  
  124  6:30  Infestation Pit  
  124  6:31  Hatchery, Overlord  
  125  6:33  Drone x2  
  125  6:38  Zerg Melee Weapons Level 1  
  127  6:43  Baneling Nest, Zergling x10  
  131  6:48  Zergling x2, Zerg Ground Armor Level 2  
  131  6:53  Zergling x2  
  133  6:55  Zergling x2  
  133  6:57  Zergling x2  
  133  6:58  Zergling x4  
  133  7:00  Zergling x8  
  141  7:05  Overlord  
  141  7:06  Hive  
  141  7:07  Overlord  
  141  7:09  Infestor  
  141  7:11  Zergling x4  
  145  7:16  Overlord  
  145  7:17  Zergling x2  
  145  7:20  Overlord  
  146  7:23  Zergling x2  
  146  7:25  Zergling x2  
  146  7:29  Centrifugal Hooks, Zergling x12  
  148  7:30  Zergling x2  
  148  7:31  Zergling x2  
  143  7:39  Drone x2  
  143  7:40  Drone x2  
  143  7:41  Zergling x2  
  143  7:43  Zergling x4  
  150  7:47  Ravager x2  
  150  7:48  Ravager x2  
  150  7:49  Baneling x14  
  150  7:50  Zergling x2  
  155  7:52  Zergling x2  
  155  7:53  Zergling x2  
  155  7:55  Zergling x2  
  155  7:57  Overlord  
  158  7:58  Zergling x4  
  158  8:01  Zergling x2  
  158  8:04  Queen  
  158  8:05  Drone x3  
  166  8:08  Zergling x8  
  166  8:09  Zergling x2  
  166  8:11  Drone  
  172  8:17  Baneling x9  
  172  8:20  Zergling x6  
  172  8:21  Zergling x2  
  172  8:25  Overlord  
  176  8:27  Zergling x4  
  176  8:28  Zergling x4  
  176  8:30  Overlord  
  176  8:31  Extractor  
  180  8:34  Drone x2  
  180  8:35  Zerg Melee Weapons Level 2  
  180  8:36  Adrenal Glands  
  180  8:39  Drone x2  
  180  8:40  Drone, Zergling x4  
  180  8:43  Zergling x4  
  182  8:50  Ultralisk Cavern, Zergling x8  
  182  8:52  Zergling x2  
  177  8:59  Zergling x4  
  179  9:04  Viper  
  179  9:06  Zergling x8  
  179  9:08  Baneling x9  
  179  9:09  Zergling x4  
  188  9:12  Zergling x8  
  188  9:13  Zergling x2  
  188  9:16  Zergling x2  
  194  9:21  Overlord  
  194  9:24  Zergling x4  
  193  9:26  Baneling x10  
  193  9:28  Spore Crawler, Zergling x6  
  195  9:33  Zergling x2  
  195  9:34  Zergling x4  
  198  9:42  Zergling x4  
  200  9:46  Spore Crawler  
  200  9:47  Drone x4  
  200  9:48  Drone  
  200  9:50  Overseer, Spawning Pool  
  200  9:53  Spore Crawler  
  199  10:02  Chitinous Plating  
  199  10:04  Drone x3  
  199  10:07  Drone x2, Overseer  
  191  10:11  Zerg Ground Armor Level 3  
  191  10:13  Zergling x14  
  197  10:17  Zergling x4  
  197  10:19  Drone  
  185  10:28  Ultralisk, Zergling x4  
  178  10:29  Zergling x6  
  178  10:33  Queen  
  178  10:34  Zergling x2  
  174  10:40  Zergling x10  
  168  10:45  Ultralisk  
  168  10:46  Zergling x2  
  168  10:49  Drone x3  
  165  10:51  Zergling x2  
  165  10:52  Zergling x4  
  158  11:00  Ultralisk, Zergling x4  
  158  11:01  Hatchery  
  158  11:02  Drone  
  166  11:09  Zergling x4  
  166  11:11  Zerg Melee Weapons Level 3  
  168  11:12  Drone x2  
  168  11:17  Drone  
  171  11:20  Zergling x2  
  171  11:22  Zergling x4  
  171  11:24  Drone  
  171  11:25  Drone  
  176  11:26  Extractor  
  176  11:28  Drone  
  176  11:30  Spire  
  175  11:36  Drone x5  
  175  11:37  Drone x3  
  175  11:39  Ultralisk, Zergling x2  
  190  11:40  Extractor  
  190  11:42  Zergling x2  
  190  11:46  Zergling x2  
  191  11:49  Anabolic Synthesis  
  191  11:50  Zergling x4  
  193  11:54  Zergling x8  
  193  11:55  Zergling x6  
  186  12:37  Corruptor  
  186  12:38  Corruptor x4  
  186  12:43  Pneumatized Carapace  
  196  12:49  Overseer  
  196  12:57  Zergling x2  
  196  12:58  Zergling x8, Hatchery  
  198  13:06  Overseer  
  198  13:07  Drone  
  198  13:09  Zerg Flyer Weapons Level 1  
  198  13:11  Baneling x9  
  199  13:23  Baneling x7  
  199  13:24  Drone x3  
  200  13:29  Baneling x4  
  200  13:39  Zergling x6  
  194  13:42  Infestor  
  194  13:47  Baneling x6  
  194  13:48  Zergling x6  
  194  13:49  Zergling x4  
  194  13:52  Hatchery  
  196  14:00  Zergling x20  
  190  14:04  Infestor  
  190  14:06  Zergling x24  
  199  14:19  Drone  
  199  14:20  Burrow  
  199  14:22  Baneling x11  
  200  14:27  Baneling  
  200  14:28  Baneling x7  
  200  14:34  Baneling x5  
  183  15:00  Zergling x30  
  183  15:01  Overlord x2  
  183  15:03  Overlord  
  183  15:05  Zergling x2  
  183  15:06  Zergling x6  
  200  15:10  Baneling x10  
  200  15:14  Overlord  
  198  15:16  Zergling x12  
  190  15:23  Infestor x2  
  190  15:26  Zergling x22  
  180  15:38  Zergling x8  
  180  15:41  Ultralisk  
  189  15:43  Ultralisk x2, Zergling x6  
  195  15:50  Zergling x8  
  199  16:04  Zergling x14  
  200  16:05  Infestor  
  200  16:10  Ultralisk, Zergling x2  
  199  16:13  Zergling x6  
  196  16:26  Zergling x6  
  196  16:29  Zergling x2  
  198  16:37  Zergling x4  
  197  16:43  Corruptor x2  
  197  16:44  Zergling x6  
  183  16:49  Zergling x2  
  183  16:51  Infestor x2, Zergling x6  
  183  16:52  Zergling x2  
  183  16:53  Greater Spire  
  191  16:55  Ultralisk, Zergling x6  
  191  16:58  Zergling x2  
  199  17:06  Zergling x12  
  200  17:12  Zerg Missile Weapons Level 1  
  200  17:14  Baneling x7  
  200  17:15  Baneling x4, Zergling x2  
  200  17:18  Zergling x2  
  199  17:30  Zergling x2  
  199  17:42  Zergling x10  
  199  17:59  Zergling x6  
  199  18:00  Zergling x4  
  199  18:01  Zergling x4  
  199  18:04  Extractor  
  197  18:05  Extractor  
  197  18:06  Corruptor  
  197  18:07  Zergling x2  
  199  18:21  Baneling x12  
  190  18:29  Corruptor x2  
  190  18:30  Zergling x36  
  190  18:32  Zergling x4  
  193  18:43  Zergling x14  
  193  18:45  Zergling x10  
  198  18:51  Brood Lord  
  198  18:56  Brood Lord x2  
  198  18:59  Brood Lord  
  198  19:04  Brood Lord  
  198  19:14  Zergling x34  
  196  19:18  Brood Lord x2  
  196  19:19  Brood Lord  
  196  19:20  Zergling x2  
  199  19:32  Overseer  
  199  19:35  Baneling x11  
  199  19:38  Baneling x7  
  197  19:39  Zergling x4  
  197  19:40  Zergling x2  
  197  19:44  Hatchery  
  198  19:58  Zergling x4  
  200  20:03  Baneling x10  
  192  20:09  Zergling x16  
  192  20:10  Zergling x6  
  195  20:15  Corruptor x2  
  195  20:23  Corruptor  
  195  20:24  Corruptor x2  
  195  20:28  Zergling x6  
  199  20:34  Hatchery  
  190  20:39  Drone x4  
  190  20:40  Zergling x6  
  190  20:41  Zergling x6, Queen  
  196  20:43  Corruptor x2  
  195  20:51  Zergling x6  
  195  20:54  Queen  
  194  20:58  Zergling x6  
  194  20:59  Zergling x4  
  194  21:02  Zergling x4  
  186  21:05  Ultralisk x3, Zergling x2  
  191  21:13  Ultralisk  
  191  21:14  Zergling x8  
  182  21:21  Roach  
  182  21:23  Infestor  
  182  21:24  Zergling x2  
  180  21:26  Baneling x2  
  180  21:27  Ultralisk x2, Zergling x2  
  183  21:34  Baneling x6  
  183  21:35  Zergling x4  
  183  21:37  Zergling x6  
  183  21:46  Ultralisk x2  
  171  21:53  Infestor x3, Zergling x2  
  171  21:55  Zergling x2  
  171  21:57  Zergling x6  
  171  21:59  Zergling x4  
  174  22:04  Zergling x4  
  145  22:09  Zergling x6  
  145  22:10  Zergling x2  
  145  22:11  Zergling x4  
  145  22:14  Zergling x2  
  150  22:19  Zergling x6  
  151  22:25  Infestor, Zergling x2  
  151  22:26  Hatchery  
  151  22:27  Zergling x2  
  146  22:31  Infestor  
  146  22:36  Zergling x4  
  150  22:37  Zergling x2  
  151  22:47  Zergling x8  
  151  22:50  Zergling x2  
  156  22:59  Zergling x8  
  160  23:07  Baneling x6  
  158  23:16  Zergling x4  
  158  23:17  Zergling x2  
  155  23:25  Ravager x2  
  152  23:28  Zergling x2  
  149  23:34  Infestor x5  
  149  23:37  Zergling x6  
  141  23:46  Zergling x2  
  141  23:47  Zergling x4  
  118  23:57  Zergling x4  
  107  24:06  Zergling x2  
  107  24:07  Zergling x4  
  98  24:16  Infestor  
  93  24:17  Zergling x2  
  95  24:35  Zergling x4